BLB
WINDY CITY BLUES @ WASHINGTON BATS
09/21/2059
 
TOP OF THE 1ST
Windy City Blues batting - Pitching for Washington Bats : LHP Reid Rothstein
Pitching: LHP Reid Rothstein
Batting: RHB Ty Dec 0-0: Swinging Strike
0-1: Called Strike
0-2: Ball
1-2: Ball
2-2: Ball
3-2: Fly out, F8 (Flyball, 8RXD, EV 102.5 MPH)
Batting: RHB Dulani Cherry 0-0: Ground out 1-3 (Groundball, 15S, EV 61.2 MPH)
Batting: RHB Corbin Herron 0-0: Called Strike
0-1: Ball
1-1: Ball
2-1: Foul Ball, location: 2F
2-2: Ground out U3 (Groundball, 34, EV 79.4 MPH)
Top of the 1st over - 0 runs, 0 hits, 0 errors, 0 left on base; Windy City 0 - Washington 0
BOTTOM OF THE 1ST
Washington Bats batting - Pitching for Windy City Blues : RHP Richard Kramer
Pitching: RHP Richard Kramer
Batting: RHB Julian Ludin 0-0: Called Strike
0-1: Swinging Strike
0-2: Ball
1-2: Ground out 3-1 (Groundball, 34, EV 78.8 MPH)
Batting: LHB Joel Bell 0-0: Ball
1-0: Ball
2-0: Called Strike
2-1: Ball
3-1: Foul Ball, location: 2F
3-2: Ground out 1-3 (Groundball, 34S, EV 65.6 MPH)
Batting: RHB Hayden Jones 0-0: Swinging Strike
0-1: Swinging Strike
0-2: Fly out, F8 (Line Drive, 8RM, EV 93.8 MPH)
Bottom of the 1st over - 0 runs, 0 hits, 0 errors, 0 left on base; Windy City 0 - Washington 0
TOP OF THE 2ND
Windy City Blues batting - Pitching for Washington Bats : LHP Reid Rothstein
Batting: SHB Steven Hall 0-0: Called Strike
0-1: Called Strike
0-2: Ball
1-2: Fly out, F8 (Flyball, 8RD, EV 101.2 MPH)
Batting: RHB Adrien Jimenez 0-0: Ball
1-0: Ball
2-0: Fly out, F9 (Line Drive, 9S, EV 91.9 MPH)
Batting: RHB Brad Castro 0-0: Called Strike
0-1: Ball
1-1: Foul Ball, location: 2F
1-2: Strikes out looking
Top of the 2nd over - 0 runs, 0 hits, 0 errors, 0 left on base; Windy City 0 - Washington 0
BOTTOM OF THE 2ND
Washington Bats batting - Pitching for Windy City Blues : RHP Richard Kramer
Batting: RHB Parker Lee 0-0: Ball
1-0: Ball
2-0: Called Strike
2-1: Ball
3-1: Base on Balls
Batting: SHB Josiah White 0-0: Swinging Strike
0-1: Ball
1-1: Ball
2-1: Ball
3-1: Fly out, F7 (Flyball, 78M, EV 85.0 MPH)
Batting: RHB Louis Hockney 0-0: Called Strike
0-1: Called Strike
0-2: Fly out, F8 (Flyball, 8RM, EV 78.1 MPH)
Batting: RHB Owen Dooley 0-0: Swinging Strike
0-1: Called Strike
0-2: Foul Ball, location: 2F
0-2: Foul Ball, location: 2F
0-2: Ball
1-2: Strikes out looking
Bottom of the 2nd over - 0 runs, 0 hits, 0 errors, 1 left on base; Windy City 0 - Washington 0
TOP OF THE 3RD
Windy City Blues batting - Pitching for Washington Bats : LHP Reid Rothstein
Batting: RHB Deontae Howard 0-0: Ground out 6-3 (Groundball, 56, EV 81.2 MPH)
Batting: RHB Forest Cordova 0-0: Ball
1-0: Called Strike
1-1: Ball
2-1: Ball
3-1: Called Strike
3-2: Ground out 6-3 (Groundball, 6, EV 105.6 MPH)
Batting: RHB Ron Shotwell 0-0: Ground out 6-3 (Groundball, 56, EV 102.5 MPH)
Top of the 3rd over - 0 runs, 0 hits, 0 errors, 0 left on base; Windy City 0 - Washington 0
BOTTOM OF THE 3RD
Washington Bats batting - Pitching for Windy City Blues : RHP Richard Kramer
Batting: LHB Evan Wilson 0-0: Fly out, F9 (Line Drive, 9, EV 93.8 MPH)
Batting: RHB Jeremy Hollabaugh 0-0: Called Strike
0-1: Ball
1-1: SINGLE (Groundball, 6MD, EV 93.8 MPH)
Batting: RHB Julian Ludin 0-0: Ball
1-0: Called Strike
1-1: Called Strike
1-2: Ball
2-2: Foul Ball, location: 2F
2-2: Foul Ball, location: 2F
2-2: Ball
3-2: Ground out 5-3 (Groundball, 5S, EV 70.0 MPH)
Jeremy Hollabaugh to second
Batting: LHB Joel Bell 0-0: Called Strike
0-1: Ball
1-1: SINGLE (Line Drive, 3D, EV 95.0 MPH)
Jeremy Hollabaugh to third
Batting: RHB Hayden Jones 0-0: Fly out, F7 (Flyball, 78D, EV 91.2 MPH)
Bottom of the 3rd over - 0 runs, 2 hits, 0 errors, 2 left on base; Windy City 0 - Washington 0
TOP OF THE 4TH
Windy City Blues batting - Pitching for Washington Bats : LHP Reid Rothstein
Batting: RHB Ty Dec 0-0: Ball
1-0: Ball
2-0: Ball
3-0: Called Strike
3-1: Base on Balls
Batting: RHB Dulani Cherry 0-0: Ball
1-0: Fly out, F9 (Flyball, 9LS, EV 88.1 MPH)
Batting: RHB Corbin Herron 0-0: Foul Ball, location: 2F
0-1: Ball
Ty Dec steals 2nd base
1-1: Foul Ball, location: 2F
1-2: Strikes out swinging
Batting: SHB Steven Hall 0-0: Called Strike
0-1: Fly out, F8 (Line Drive, 78M, EV 100.0 MPH)
Top of the 4th over - 0 runs, 0 hits, 0 errors, 1 left on base; Windy City 0 - Washington 0
BOTTOM OF THE 4TH
Washington Bats batting - Pitching for Windy City Blues : RHP Richard Kramer
Batting: RHB Parker Lee 0-0: Called Strike
0-1: Ball
1-1: Foul Ball, location: 2F
1-2: Ground out 4-3 (Groundball, 4MD, EV 103.8 MPH)
Batting: SHB Josiah White 0-0: Called Strike
0-1: Ball
1-1: Ball
2-1: Swinging Strike
2-2: Foul Ball, location: 2F
2-2: Strikes out swinging
Batting: RHB Louis Hockney 0-0: Ground out 5-3 (Groundball, 56S, EV 84.4 MPH)
Bottom of the 4th over - 0 runs, 0 hits, 0 errors, 0 left on base; Windy City 0 - Washington 0
TOP OF THE 5TH
Windy City Blues batting - Pitching for Washington Bats : LHP Reid Rothstein
Batting: RHB Adrien Jimenez 0-0: Called Strike
0-1: Ball
1-1: Called Strike
1-2: Foul Ball, location: 2F
1-2: Foul Ball, location: 2F
1-2: Foul Ball, location: 2F
1-2: Foul Ball, location: 2F
1-2: Foul Ball, location: 2F
1-2: Strikes out looking
Batting: RHB Brad Castro 0-0: Ball
1-0: Fly out, F7 (Flyball, 7D, EV 105.0 MPH)
Batting: RHB Deontae Howard 0-0: SINGLE (Groundball, 56D, EV 96.2 MPH)
Batting: RHB Forest Cordova 0-0: Foul Ball, location: 2F
0-1: Swinging Strike
0-2: Foul Ball, location: 2F
0-2: Ball
Deontae Howard is caught stealing 2nd base 2-4
Top of the 5th over - 0 runs, 1 hit, 0 errors, 0 left on base; Windy City 0 - Washington 0
BOTTOM OF THE 5TH
Washington Bats batting - Pitching for Windy City Blues : RHP Richard Kramer
Batting: RHB Owen Dooley 0-0: Ball
1-0: Fly out, F9 (Flyball, 9, EV 90.6 MPH)
Batting: LHB Evan Wilson 0-0: Fly out, F8 (Flyball, 8RM, EV 83.1 MPH)
Batting: RHB Jeremy Hollabaugh 0-0: Swinging Strike
0-1: Called Strike
0-2: Ball
1-2: Foul Ball, location: 2F
1-2: Ball
2-2: SINGLE (Line Drive, 4M, EV 108.1 MPH)
Batting: RHB Julian Ludin 0-0: Called Strike
0-1: Ball
1-1: Ball
2-1: Ground out 1-3 (Groundball, 34S, EV 68.8 MPH)
Bottom of the 5th over - 0 runs, 1 hit, 0 errors, 1 left on base; Windy City 0 - Washington 0
TOP OF THE 6TH
Windy City Blues batting - Pitching for Washington Bats : LHP Reid Rothstein
Batting: RHB Forest Cordova 0-0: Ball
1-0: Called Strike
1-1: Ball
2-1: SINGLE (Groundball, 56D, EV 95.6 MPH)
Batting: RHB Ron Shotwell 0-0: Sac Bunt to 13S - play at first, batter OUT! 1-3
Forest Cordova to second
Batting: RHB Ty Dec 0-0: Called Strike
0-1: Foul Ball, location: 2F
0-2: Ball
1-2: Strikes out looking
Batting: RHB Dulani Cherry 0-0: Fly out, F7 (Flyball, 78M, EV 92.5 MPH)
Top of the 6th over - 0 runs, 1 hit, 0 errors, 1 left on base; Windy City 0 - Washington 0
BOTTOM OF THE 6TH
Washington Bats batting - Pitching for Windy City Blues : RHP Richard Kramer
Batting: LHB Joel Bell 0-0: Ball
1-0: Ball
2-0: Called Strike
2-1: Ball
3-1: Base on Balls
Batting: RHB Hayden Jones 0-0: Grounds into double play, 6-4-3 (Groundball, 6, EV 90.0 MPH)
Batting: RHB Parker Lee 0-0: Ball
1-0: Called Strike
1-1: Swinging Strike
1-2: Ball
2-2: Strikes out swinging
Bottom of the 6th over - 0 runs, 0 hits, 0 errors, 0 left on base; Windy City 0 - Washington 0
TOP OF THE 7TH
Windy City Blues batting - Pitching for Washington Bats : LHP Reid Rothstein
Batting: RHB Corbin Herron 0-0: Ball
1-0: Foul Ball, location: 2F
1-1: Ball
2-1: Ball
3-1: Called Strike
3-2: Foul Ball, location: 2F
3-2: Strikes out swinging
Batting: SHB Steven Hall 0-0: Ball
1-0: Swinging Strike
1-1: Ball
2-1: Called Strike
2-2: Fly out, F4 (Popup, 34S, EV 69.4 MPH)
Batting: RHB Adrien Jimenez 0-0: Fly out, F7 (Line Drive, 7, EV 105.6 MPH)
Top of the 7th over - 0 runs, 0 hits, 0 errors, 0 left on base; Windy City 0 - Washington 0
BOTTOM OF THE 7TH
Washington Bats batting - Pitching for Windy City Blues : RHP Richard Kramer
Pitching: LHP Cooper Ritchey
Batting: SHB Josiah White 0-0: Ball
1-0: Called Strike
1-1: Foul Ball, location: 2F
1-2: Reached on error, E6 (Groundball, 6, EV 84.4 MPH)
Batting: RHB Louis Hockney 0-0: Ball
1-0: Called Strike
1-1: Ball
2-1: Ball
3-1: Fielders Choice at 2nd, 1-4 (Groundball, 15S, EV 68.8 MPH)
Batting: RHB Owen Dooley 0-0: Called Strike
0-1: Ball
1-1: DOUBLE (Line Drive, 8RXD, EV 100.0 MPH)
Louis Hockney to third
Pinch Hitting: RHB Ken Daly 0-0: Swinging Strike
0-1: Foul Ball, location: 2F
0-2: Strikes out swinging
Batting: RHB Jeremy Hollabaugh 0-0: Called Strike
0-1: Ground out 5-3 (Groundball, 56, EV 106.9 MPH)
Bottom of the 7th over - 0 runs, 1 hit, 1 error, 2 left on base; Windy City 0 - Washington 0
TOP OF THE 8TH
Windy City Blues batting - Pitching for Washington Bats : LHP Reid Rothstein
Now in CF: Barrington Purbacaraka
Batting: RHB Brad Castro 0-0: Called Strike
0-1: Ball
1-1: Ball
2-1: DOUBLE (Line Drive, 89D, EV 105.0 MPH)
Batting: RHB Deontae Howard 0-0: Fly out, F7 (Flyball, 7, EV 89.4 MPH)
Batting: RHB Forest Cordova 0-0: Intentional Walk
Batting: RHB Ron Shotwell 0-0: Ball
1-0: Ball
2-0: Sac Bunt to 13 - play at first, batter OUT! 1-4
Brad Castro to third
Forest Cordova to second
Batting: RHB Ty Dec 0-0: Ball
1-0: Ball
2-0: Called Strike
2-1: Foul Ball, location: 2F
2-2: Ball
3-2: Base on Balls
Batting: RHB Dulani Cherry 0-0: Ball
1-0: Fielders Choice at 2nd, 5-4 (Groundball, 56, EV 109.4 MPH)
Top of the 8th over - 0 runs, 1 hit, 0 errors, 3 left on base; Windy City 0 - Washington 0
BOTTOM OF THE 8TH
Washington Bats batting - Pitching for Windy City Blues : LHP Cooper Ritchey
Batting: RHB Julian Ludin 0-0: Fly out, F6 (Flyball, 6MD, EV 92.5 MPH)
Batting: LHB Joel Bell 0-0: Ground out 5-3 (Groundball, 56S, EV 88.1 MPH)
Batting: RHB Hayden Jones 0-0: Ball
1-0: Ball
2-0: Ball
3-0: Called Strike
3-1: Foul Ball, location: 2F
3-2: Strikes out looking
Bottom of the 8th over - 0 runs, 0 hits, 0 errors, 0 left on base; Windy City 0 - Washington 0
TOP OF THE 9TH
Windy City Blues batting - Pitching for Washington Bats : LHP Reid Rothstein
Batting: RHB Corbin Herron 0-0: Called Strike
0-1: Ball
1-1: Ball
2-1: Foul Ball, location: 2F
2-2: Strikes out swinging
Pitching: LHP Darius Huschke
Batting: SHB Steven Hall 0-0: Ground out 1-3 (Groundball, 15S, EV 68.8 MPH)
Batting: RHB Adrien Jimenez 0-0: Called Strike
0-1: Ball
1-1: Ball
2-1: Ground out 4-3 (Groundball, 4, EV 88.8 MPH)
Top of the 9th over - 0 runs, 0 hits, 0 errors, 0 left on base; Windy City 0 - Washington 0
BOTTOM OF THE 9TH
Washington Bats batting - Pitching for Windy City Blues : LHP Cooper Ritchey
Pitching: RHP Shane Hellman
Batting: RHB Parker Lee 0-0: Ball
1-0: Ball
2-0: Ball
3-0: Called Strike
3-1: Swinging Strike
3-2: Foul Ball, location: 2F
3-2: Base on Balls
Pitching: RHP Keegan Davies
Batting: SHB Josiah White 0-0: Swinging Strike
0-1: Swinging Strike
0-2: Fielders Choice at 2nd, 1-6 (Groundball, 34S, EV 73.1 MPH)
Batting: RHB Louis Hockney 0-0: Ball
Josiah White steals 2nd base
1-0: Foul Ball, location: 2F
1-1: Ball
2-1: Ball
3-1: Swinging Strike
3-2: Base on Balls
Batting: RHB Owen Dooley 0-0: Ball
1-0: Ball
2-0: Called Strike
Josiah White steals 3rd base
2-1: Fielders Choice attempt at home, Runner SAFE. 6-2 (Groundball, 6, EV 102.5 MPH)
Bottom of the 9th over - 1 run, 0 hits, 0 errors, 1 left on base; Windy City 0 - Washington 1
Tuesday, April 2nd , 2024 - OOTP Baseball 23.10 Build 110